 Dungeon Crawl Stone Soup version 0.14-a0-2443-g5aee772 (webtiles) character file.

50 4tharraofdagon the Vexing (level 3, -2/16 HPs)
             Began as a Spriggan Enchanter on Feb 6, 2014.
             Slain by an ufetubus (5 damage)
             ... summoned by Eustachio
             ... on Level 6 of the Dungeon.
             The game lasted 00:03:00 (346 turns).

4tharraofdagon the Vexing (Spriggan Enchanter)       Turns: 346, Time: 00:03:00

HP  -2/16        AC  3     Str  5      XL: 3   Next: 55%
MP   3/11        EV 18     Int 16      God:
Gold 0           SH  0     Dex 16      Spells:  2 memorised,  5 levels left

rFire  . . .     SeeInvis +     a - +1 dagger
rCold  . . .     Clarity  .     b - +1 robe
rNeg   . . .     Conserve .     (shield restricted)
rPois  .         rCorr    .     (helmet restricted)
rElec  .         rRot     .     (no cloak)
SustAb . .       Spirit   .     (gloves unavailable)
rMut   .         Warding  .     (boots unavailable)
Saprov . . .     Stasis   .     (no amulet)
MR     .....                    (no ring)
                                (no ring)

@: very slightly contaminated, very quick, not resistant to hostile
enchantments, quite stealthy
A: unfitting armour, see invisible, herbivore 3, speed 3, slow metabolism 2
a: no special abilities


You were on level 6 of the Dungeon.
You were not hungry.

You visited 1 branch of the dungeon, and saw 6 of its levels.

Inventory:

Hand weapons
 a - a +1,+1 dagger (weapon)
Missiles
 d - 11 darts (quivered)
 i - 2 silver darts
Armour
 b - a +1 robe (worn)
Scrolls
 h - a scroll of identify {unknown}
Potions
 e - a potion of porridge
 g - a potion of brilliance {unknown}
Books
 c - a book of Maledictions

   Spells                             Type                      Level
   *Corona                            Hexes                        1
   Sure Blade                         Hexes/Charms                 2
   *Ensorcelled Hibernation           Hexes/Ice                    2
   Confuse                            Hexes                        3
   Enslavement                        Hexes                        4
   Invisibility                       Hexes                        6


   Skills:
 * Level 2.3 Short Blades
 - Level 1.1 Throwing
 - Level 3.0 Dodging
 + Level 4.0 Stealth
 + Level 3.2 Spellcasting
 + Level 4.1 Hexes


You had 5 spell levels left.
You knew the following spells:

 Your Spells              Type           Power        Failure   Level  Hunger
a - Corona                Hex            ###....      4%          1    None
b - Ensorcelled Hibernat  Hex/Ice        #.....       14%         2    ##.....


Dungeon Overview and Level Annotations

Branches:
Dungeon (6/16)
 Temple: D:4-7

Altars:

Annotations:
D:3 Natasha
D:4 Dowan, Duvessa, Prince Ribbit
D:6 Eustachio


Innate Abilities, Weirdness & Mutations

You are tiny and cannot use many weapons and most armour.
You have supernaturally acute eyesight.
You are a herbivore.
You cover ground extremely quickly.
You need consume almost no food.


Message History

The crimson imp disappears in a puff of smoke!
The iron imp hits you but does no damage.
Eustachio gestures wildly while chanting.
Eustachio blinks!
Unknown command.
Unknown command.
You hit Eustachio but do no damage.
Eustachio is almost dead.
Eustachio misses you.
Unknown command.
You hit Eustachio but do no damage.
Eustachio is almost dead.
The iron imp hits you. Eustachio hits you with a cutlass.
* * * LOW HITPOINT WARNING * * *
Unknown command.
You miss Eustachio.
Eustachio is almost dead.
The ufetubus barely misses you. The ufetubus hits you.
You die...

############
#..........##. ####
#...%..<......
+@@###.%........#..
##55##.....%....#
##.##..........#
#..(..........#
####..........#
#######+####


You could see Eustachio, an iron imp and an ufetubus.

Vanquished Creatures
  A worker ant (D:5)
  2 adders (D:2)
  A jackal (D:6)
  A bat (D:5)
  2 giant cockroaches (D:1)
  A kobold (D:6)
  2 rats
10 creatures vanquished.

Notes
Turn   | Place    | Note
--------------------------------------------------------------
     0 | D:1      | 4tharraofdagon, the Spriggan Enchanter, began the quest for the Orb.
     0 | D:1      | Reached XP level 1. HP: 9/9 MP: 4/4
    72 | D:2      | Reached XP level 2. HP: 11/13 MP: 7/7
    76 | D:2      | Learned a level 2 spell: Ensorcelled Hibernation
   127 | D:3      | Noticed Natasha
   161 | D:4      | Noticed Prince Ribbit
   177 | D:4      | Noticed Duvessa
   179 | D:4      | Noticed Dowan
   200 | D:5      | Entered Level 5 of the Dungeon
   259 | D:5      | Reached skill level 4 in Stealth
   259 | D:5      | Reached XP level 3. HP: 16/16 MP: 5/11
   306 | D:6      | Noticed Eustachio
   346 | D:6      | Slain by an ufetubus

Action                   || total
-------------------------++-------
Melee: Dagger            ||    48
Throw: Dart              ||     1
 Cast: Corona            ||     3
       Ensorcelled Hiber ||    12
  Use: Potion            ||     2
 Stab: Sleeping          ||    10
